 Dungeon Crawl Stone Soup version 0.20.1-1-g8b1a95d (webtiles) character file.

44 Rozenbaumfricks the Skirmisher (level 3, -1/29 HPs)
             Began as a Demonspawn Fighter on Oct 1, 2017.
             Slain by Terence
             ... wielding a +2 mace of draining
              (2 damage)
             ... on level 2 of the Dungeon.
             The game lasted 00:02:53 (1727 turns).

Rozenbaumfricks the Skirmisher (Demonspawn Fighter) Turns: 1727, Time: 00:02:55

Health: -1/29      AC:  6    Str: 17    XL:     3   Next: 41%
Magic:  0/3        EV:  6    Int: 14    God:
Gold:   91         SH:  7    Dex: 12    Spells: 2/2 levels left

rFire    . . .     SeeInvis .   a - +0 long sword
rCold    . . .     Gourm    .   c - +0 shield
rNeg     . . .     Faith    .   b - +0 scale mail
rPois    .         Spirit   +   (no helmet)
rElec    .         Reflect  .   (no cloak)
rCorr    .         Harm     .   (no gloves)
MR       .....                  (no boots)
Stlth    +.........             (no amulet)
Regen    0.1/turn               (no ring)
MPRegen  0.1/turn               (no ring)

@: brilliant, flying, very heavily drained
A: nightstalker 1, magic shield
a: no special abilities


You were on level 2 of the Dungeon.
You were not hungry.

You visited 1 branch of the dungeon, and saw 2 of its levels.

You collected 91 gold pieces.

Inventory:

Hand Weapons
 a - a +0 long sword (weapon)
Armour
 b - a +0 scale mail (worn)
 c - a +0 shield (worn)
Scrolls
 l - 2 scrolls of identify {unknown}
 n - a scroll of enchant weapon {unknown}
 q - a scroll of recharging {unknown}
Potions
 d - a potion of might
 k - a potion of haste {unknown}
 m - 3 potions of curing {unknown}
 o - a potion of heal wounds {unknown}
 p - a potion of lignification {unknown}
Comestibles
 f - a bread ration
 g - a meat ration
 h - a royal jelly
 i - 5 fruits


   Skills:
 + Level 3.4(0.0) Fighting
 + Level 2.2(0.0) Long Blades
 + Level 3.0(0.0) Armour
 + Level 0.3(0.0) Dodging
 + Level 3.1(0.0) Shields


You had 2 spell levels left.
You didn't know any spells.

Dungeon Overview and Level Annotations

Branches:
Dungeon (2/15)

Altars:
Zin

Annotations:
D:2 Terence


Innate Abilities, Weirdness & Mutations

You are slightly more attuned to the shadows.
When hurt, damage is shared between your health and your magic reserves.


Message History

Terence hits you with a mace of draining.
You feel drained.
Your shield prevents you from hitting Terence.
Terence is severely wounded.
Terence hits you with a mace of draining.
You feel drained.
You hit Terence but do no damage.
Terence is severely wounded.
Terence hits you with a mace of draining.
* * * LOW HITPOINT WARNING * * *
You feel drained. Terence hits you but does no damage.
You feel drained.
It was a potion of brilliance.
You feel clever all of a sudden.
It was a potion of flight.
You feel very buoyant.
You fly up into the air.
Terence hits you with a mace of draining.
* * * LOW HITPOINT WARNING * * *
You feel drained.
You die...

#......<..# #........#
#.#######.# #.######.#### ..# #.#
###.##........# ..##### #.#
#......###..#.#### .....(# #.#
#.#.######........ #.###.###.#
#.#........<..#### #.........#
#.########...## #####.##### #.#
##.## #.# #@# #.# #.# #@# #.# #.#
##l## ##'## #.# #...# #####...##
####.## ..................##
##.##..# ............#......##
#...##.####..≈≈........##......##
.........##.≈..≈.....(.##......'.
#...##.###≈≈≈..≈..≈≈...≈##.....##


You could see Terence and a frilled lizard.

Vanquished Creatures
  An adder (D:2)
  An ooze (D:2)
  A worm (D:2)
  4 leopard geckos
  5 goblins
  3 hobgoblins
  A ball python (D:1)
  3 bats
  3 frilled lizards
  2 kobolds
  2 rats (D:1)
  A plant (D:1)
27 creatures vanquished.

Notes
Turn   | Place    | Note
-------+----------+-------------------------------------------
     0 | D:1      | Rozenbaumfricks the Demonspawn Fighter began the quest for the Orb.
     0 | D:1      | Reached XP level 1. HP: 18/18 MP: 1/1
   507 | D:1      | Gained mutation: When hurt, damage is shared between your health and your magic reserves. [demonic ancestry]
   507 | D:1      | Reached XP level 2. HP: 23/24 MP: 2/2
  1080 | D:2      | Gained mutation: You are slightly more attuned to the shadows. [demonic ancestry]
  1080 | D:2      | Reached XP level 3. HP: 9/29 MP: 0/3
  1372 | D:2      | Found a glowing silver altar of Zin.
  1704 | D:2      | Noticed Terence
  1727 | D:2      | HP: 1/29 [Terence/mace of draining (5)]
  1727 | D:2      | Slain by Terence

Skill      XL: |  1  2  3 |
---------------+----------+-----
Long Blades    | 2 |  2.2
Shields        | 3 |  3.1
Armour         | 3 |  3.0
Fighting       | |  3.4
Dodging        | |  0.3

Action                   || total
-------------------------++-------
Melee: Long sword        ||   163
  Use: Potion            ||     2
  Eat: Chunk             ||     3
Armor: Scale mail        ||    50
Dodge: Dodged            ||    21
Block: Shield            ||    47
       Rpst.: Long sword ||     6
